 Dungeon Crawl Stone Soup version 0.31-a0-640-g39d97e502b (webtiles) character file.

Game seed: 11936835355625922527

200 qw the Shooter (level 5, 0/32 HPs)
             Began as a Gargoyle Hunter on Aug 27, 2023.
             Killed by divine providence
             ... invoked by an orc priest
              (15 damage)
             ... on level 3 of the Dungeon.
             The game lasted 00:00:59 (1783 turns).

qw the Shooter (Gargoyle Hunter)                    Turns: 1783, Time: 00:00:59

Health: 0/32       AC: 12    Str: 15    XL:     5   Next: 78%
Magic:  5/5        EV: 11    Int:  9    God:
Gold:   93         SH:  0    Dex: 21    Spells: 4/4 levels left

rFire   . . .        Y - +0 shortbow
rCold   . . .        (shield currently unavailable)
rNeg    + . .        d - +0 ring mail
rPois   inf          f - +0 helmet
rElec   +            g - +0 cloak
rCorr   .            b - +0 pair of gloves
SInv    .            (no boots)
Will    .....        (no amulet)
Stlth   +            i - +6 ring of dexterity
HPRegen 0.25/turn    (no ring)
MPRegen 0.09/turn

%: no passive effects
@: no status effects
A: sickness immunity, AC +4, negative energy resistance 1, electricity
resistance, torment resistance 1, petrification resistance
a: no special abilities


You were on level 3 of the Dungeon.
You visited 1 branch of the dungeon, and saw 3 of its levels.

You collected 93 gold pieces.


Innate Abilities, Weirdness & Mutations

You are immune to sickness and miasma.
Your stone body is resilient. (AC +4)
You are immune to poison.
You resist negative energy. (rN+)
You are resistant to electric shocks. (rElec)
You are resistant to unholy torment.
You are immune to petrification.


   Skills:
 + Level 3.0 Fighting
 - Level 6.2 Ranged Weapons
 - Level 2.0 Armour
 - Level 1.5 Dodging
 - Level 1.1 Stealth


You had 4 spell levels left.
You didn't know any spells.
Your spell library was empty.

Inventory:

Hand Weapons
 Y - a +0 shortbow (weapon)
Armour
 b - a +0 pair of gloves (worn)
 d - a +0 ring mail (worn)
 f - a +0 helmet (worn)
 g - a +0 cloak (worn)
Jewellery
 i - a +6 ring of dexterity (left hand)
Scrolls
 a - a scroll of identify
 e - 2 scrolls of teleportation
Potions
 h - 2 potions of curing
 j - a potion of mutation {unknown}

Dungeon Overview and Level Annotations

Branches:
Dungeon (3/15)

Altars:
Dithmenos

Shops:
D:3 :


Message History

You kill the frilled lizard!
You see here a frilled lizard corpse.
You open the door.
There is an open door here.
An orc and 2 orc priests come into view.
Found 10 gold pieces.
The orc priest shouts! x2
An orc comes into view. It is wielding a +0 falchion.
1771 ||| Stepping ~*~*~tactically~*~*~ (outnumbered).
There is an open door here.
1773 ||| Stepping ~*~*~tactically~*~*~ (outnumbered).
There is an open door here.
The orc shouts!
1775 ||| Stepping ~*~*~tactically~*~*~ (outnumbered).
There is an open door here.
You shoot an arrow. The arrow barely misses the orc.
The orc shouts!
You shoot an arrow. The arrow hits the orc!
You kill the orc!
Your Armour skill increases to level 2!
You shoot an arrow. The arrow hits the orc priest!
The orc priest is heavily wounded.
The orc priest calls down the wrath of Beogh upon you.
Beogh smites you!
You shoot an arrow.
The arrow closely misses the orc priest.
The orc priest hits you with a +0 dagger.
You shoot an arrow. The arrow hits the orc priest.
The orc priest is severely wounded.
The orc priest hits you but does no damage.
You shoot an arrow. The arrow hits the orc priest.
The orc priest is severely wounded.
You shoot an arrow.
The arrow hits the orc but does no damage.
You shoot an arrow. The arrow hits the orc.
The orc is severely wounded.
The orc hits you with a +0 falchion.
The orc priest invokes the aid of Beogh against you.
Beogh smites you!
You die...

#$. ...... #.# .....
#.# .... ..#
...######.#
.......#.#####.#
######.......oo.ooo.#
#......#### #o#
.....%)...#+#@#####
#########...).....#
#....%....# #.).......#
#.#+#.#####
#.#.#.######
#.#........#
#.#........###########
##+.\..................


You could see 2 orc priests and an orc.

Vanquished Creatures
  2 orc priests (D:3)
  An orc wizard (D:3)
  4 adders
  2 worms (D:2)
  4 orcs (D:3)
  5 ball pythons
  5 bats
  2 endoplasms (D:2)
  3 giant cockroaches
  11 goblins
  7 hobgoblins
  5 quokkas
  6 frilled lizards
  6 kobolds
  8 rats
71 creatures vanquished.

Notes
Turn   | Place    | Note
-------+----------+-------------------------------------------
     0 | D:1      | qw the Gargoyle Hunter began the quest for the Orb.
     0 | D:1      | Reached XP level 1. HP: 12/12 MP: 1/1
     0 | D:1      | 0 ||| qw: Version: 0.3-a-74-g0d5e918
     0 | D:1      | 0 ||| qw: Game counter: 67
     0 | D:1      | 0 ||| qw: Melee chars always use a shield: true
     0 | D:1      | 0 ||| qw: God list: Okawaru
     0 | D:1      | 0 ||| qw: Allow faded altars: false
     0 | D:1      | 0 ||| qw: Do Orc after clearing Dungeon:15 true
     0 | D:1      | 0 ||| qw: Do second Lair branch before Depths: true
     0 | D:1      | 0 ||| qw: Lair rune preference: random
     0 | D:1      | 0 ||| qw: Goals: Normal
     0 | D:1      | 0 ||| PLANNING D:1-11
   146 | D:1      | Reached XP level 2. HP: 10/17 MP: 2/2
   411 | D:1      | Reached XP level 3. HP: 21/21 MP: 3/3
   573 | D:1      | Reached skill level 5 in Ranged Weapons
   608 | D:1      | 608 ||| UPGRADING to +0 helmet.
   613 | D:1      | 613 ||| UPGRADING to +0 cloak.
   618 | D:1      | 618 ||| READING 4 scrolls labelled HESECWEQUU.
   619 | D:1      | 619 ||| READING 2 scrolls labelled XIAFADAUQE.
   622 | D:1      | 622 ||| DROPPING scroll of butterflies.
   756 | D:2      | Reached skill level 3 in Fighting
   877 | D:2      | Reached XP level 4. HP: 28/28 MP: 4/4
   907 | D:2      | Reached skill level 1 in Armour
  1023 | D:2      | 1023 ||| UPGRADING to +0 ring mail.
  1024 | D:2      | 1024 ||| UPGRADING to +0 ring mail.
  1025 | D:2      | 1025 ||| UPGRADING to +0 ring mail.
  1031 | D:2      | 1031 ||| UPGRADING to +0 ring mail.
  1041 | D:2      | 1041 ||| DROPPING +0 leather armour.
  1042 | D:2      | 1042 ||| UPGRADING to +6 ring of dexterity.
  1043 | D:2      | 1043 ||| READING scroll labelled UCOLEKE YHIMAP.
  1044 | D:2      | 1044 ||| READING 3 scrolls of identify.
  1044 | D:2      | 1044 ||| IDENTIFYING orange potion
  1045 | D:2      | 1045 ||| READING 2 scrolls of identify.
  1045 | D:2      | 1045 ||| IDENTIFYING lumpy purple potion
  1049 | D:2      | 1049 ||| DROPPING potion of ambrosia.
  1080 | D:2      | 1080 ||| READING scroll labelled RUYMAQ XIUTH.
  1348 | D:2      | 1348 ||| UPGRADING to +0 pair of gloves.
  1353 | D:2      | 1353 ||| READING scroll labelled JUEHEX SOCVA.
  1541 | D:3      | Found a shadowy altar of Dithmenos.
  1547 | D:3      | 1547 ||| RETREATING.
  1553 | D:3      | Reached XP level 5. HP: 32/32 MP: 5/5
  1641 | D:3      | Found Jonim's Book Shoppe.
  1676 | D:3      | Reached skill level 6 in Ranged Weapons
  1676 | D:3      | 1676 ||| FLEEEEING.
  1677 | D:3      | 1677 ||| FLEEEEING.
  1678 | D:3      | 1678 ||| FLEEEEING.
  1679 | D:3      | 1679 ||| FLEEEEING.
  1680 | D:3      | 1680 ||| FLEEEEING.
  1681 | D:3      | 1681 ||| FLEEEEING.
  1682 | D:3      | 1682 ||| FLEEEEING.
  1771 | D:3      | 1771 ||| Stepping ~*~*~tactically~*~*~ (outnumbered).
  1773 | D:3      | 1773 ||| Stepping ~*~*~tactically~*~*~ (outnumbered).
  1775 | D:3      | 1775 ||| Stepping ~*~*~tactically~*~*~ (outnumbered).
  1783 | D:3      | Killed from afar by an orc priest

Levels and vault maps discovered:
D:1:      scummos_arrival_simple_crosswalls, layout_basic
D:2:      layout_basic, minmay_heptomino_o4
D:3:      layout_basic, grunt_dithmenos_smoke, serial_shops, shop,
          minmay_lizard_king, uniq_crazy_yiuf_cottage

Skill      XL: |  1  2  3  4  5 |
---------------+----------------+-----
Ranged Weapons | 5 6 |  6.2
Fighting       | 3 |  3.0
Armour         | 1 2 |  2.0
Dodging        | |  1.5
Stealth        | |  1.1

Action                     |  1- 3 |  4- 6 || total
---------------------------+-------+-------++-------
   Fire: Shortbow          |   107 |   118 ||   225
    Use: Scroll            |     2 |     5 ||     7
 Armour: Leather armour    |    19 |       ||    19
         Ring mail         |       |    21 ||    21
  Dodge: Dodged            |    17 |    25 ||    42

Table legend:
 A = Non-vault XP
 B = Vault XP
 C = Vault XP percentage of total XP
 D = Non-vault monster count
 E = Vault monster count
 F = Vault count percentage of total count
                 A         B        C        D         E       F
            +---------+---------+-------+---------+---------+-------
      Total |     265 |      21 |   7.3 |      64 |       7 |   9.9
            +---------+---------+-------+---------+---------+-------
        D:1 |      44 |       0 |   0.0 |      27 |       0 |   0.0
        D:2 |      53 |      17 |  24.3 |      19 |       3 |  13.6
        D:3 |     168 |       4 |   2.3 |      18 |       4 |  18.2
            +---------+---------+-------+---------+---------+-------
